Map: Megaton

Players

Speedy

  • Race: Terran Terran
  • League: Gold
  • Spawn Location: 11:00

Vildoso

  • Race: Terran Terran
  • Spawn Location: 6:00

franco

  • Race: Zerg Zerg
  • League: Platinum
  • Spawn Location: 12:00

llllllllllll

  • Race: Terran Terran
  • League: Diamond
  • Spawn Location: 0:00

willy

  • Race: Terran Terran
  • Spawn Location: 5:00

ALCAPARRED

  • Race: Terran Terran
  • Spawn Location: 5:00

Michael

  • Race: Terran Terran
  • Spawn Location: 5:00

Poesía

  • Race: Zerg Zerg
  • Spawn Location: 0:00

VOD

Have the link to the VOD?

Description

Time

  • Played on: Jan. 14, 2018, 4:59 p.m.
  • Length: 12:59
Show
View Real Time Build Order
Export as new Build Order

Speedy Terran 

Build Orders: Command Center First (CC), Mech 

Get SALT Encoding   

  12  0:02  SCV  
  13  0:14  SCV  
  13  0:19  Supply Depot  
  14  0:26  SCV  
  15  0:41  SCV  
  16  0:53  SCV  
  17  1:05  SCV  
  17  1:08  Command Center  
  18  1:18  Refinery, SCV  
  19  1:23  Refinery  
  19  1:30  SCV  
  20  1:35  Barracks  
  20  1:42  SCV  
  21  1:54  SCV  
  22  2:07  SCV  
  23  2:21  Refinery  
  23  2:22  Orbital Command  
  23  2:23  Orbital Command  
  23  2:34  Factory  
  23  2:35  Barracks Reactor  
  23  2:47  Factory  
  23  2:49  SCV  
  23  2:50  SCV  
  25  3:02  SCV x2  
  27  3:19  Factory Reactor  
  27  3:24  Factory, SCV  
  28  3:31  SCV  
  28  3:33  Refinery  
  29  3:39  Supply Depot  
  29  3:40  SCV  
  30  3:43  Command Center, Barracks Tech Lab  
  30  3:47  SCV  
  30  3:48  Factory  
  31  3:50  Widow Mine  
  31  3:53  Widow Mine  
  35  3:57  SCV  
  35  3:59  SCV  
  37  4:06  Supply Depot  
  37  4:09  Barracks Tech Lab  
  37  4:15  Widow Mine  
  37  4:16  Siege Tank  
  42  4:19  Widow Mine  
  44  4:24  SCV x2  
  46  4:36  SCV  
  46  4:37  Supply Depot  
  46  4:38  SCV  
  48  4:40  Refinery  
  48  4:48  Armory  
  48  4:53  Armory  
  48  5:06  Command Center  
  48  5:13  Widow Mine x2  
  48  5:14  Widow Mine  
  54  5:15  Widow Mine  
  54  5:29  SCV  
  54  5:32  Widow Mine x2  
  59  5:36  Terran Vehicle Weapons Level 1  
  59  5:41  Widow Mine  
  61  5:42  Refinery  
  58  5:53  Siege Tank  
  58  5:54  Refinery  
  58  6:11  SCV  
  58  6:12  Siege Tank  
  56  6:23  Orbital Command  
  54  6:25  Siege Tank  
  54  6:29  Terran Vehicle And Ship Armor Level 1  
  55  6:37  Drilling Claws, Widow Mine x2  
  60  6:40  SCV  
  60  6:44  Siege Tank  
  63  6:57  Siege Tank  
  66  7:03  Widow Mine x4  
  66  7:04  SCV  
  66  7:07  Refinery  
  75  7:08  Orbital Command  
  75  7:16  Siege Tank  
  78  7:24  Widow Mine x3  
  78  7:26  Widow Mine  
  89  7:30  Siege Tank  
  89  7:32  Factory  
  89  7:33  Refinery, SCV  
  90  7:39  Barracks Reactor  
  90  7:41  Supply Depot  
  90  7:42  SCV  
  90  7:43  SCV x2  
  93  7:44  Supply Depot  
  93  7:45  SCV, Widow Mine  
  93  7:46  Widow Mine x2  
  100  7:57  Terran Vehicle Weapons Level 2  
  100  8:01  Factory  
  100  8:03  SCV, Widow Mine x3  
  107  8:07  Widow Mine x3  
  113  8:24  Widow Mine  
  115  8:34  SCV x2, Widow Mine x5  
  127  8:41  Supply Depot  
  127  8:44  Engineering Bay  
  127  8:46  Widow Mine  
  127  8:48  SCV  
  130  8:49  SCV x2  
  132  9:03  Widow Mine x2  
  132  9:05  Command Center, Widow Mine  
  132  9:06  Widow Mine  
  132  9:09  Supply Depot  
  140  9:30  Siege Tank x2, Widow Mine  
  148  9:32  Supply Depot  
  148  9:38  Building Armor  
  148  9:39  Supply Depot  
  148  9:46  Command Center, Widow Mine  
  148  10:02  Siege Tank x2  
  148  10:06  Widow Mine  
  156  10:11  Widow Mine  
  156  10:12  Widow Mine x3  
  164  10:15  Command Center  
  164  10:17  Widow Mine  
  164  10:18  Terran Vehicle Weapons Level 3  
  162  10:28  Widow Mine  
  164  10:30  Factory Tech Lab  
  164  10:33  Widow Mine x4  
  164  10:34  Siege Tank  
  164  10:35  Widow Mine  
  177  10:36  Terran Vehicle And Ship Armor Level 2  
  177  10:38  Widow Mine  
  179  11:06  Supply Depot  
  179  11:08  Supply Depot  
  179  11:13  Supply Depot  
  179  11:18  Hi-Sec Auto Tracking  
  179  11:19  SCV  
  178  11:26  Widow Mine x5  
  178  11:27  Widow Mine  
  178  11:28  Widow Mine x3  
  196  11:36  Supply Depot  
  186  11:48  Widow Mine x5  
  196  12:02  Widow Mine x2  
Show
View Real Time Build Order
Export as new Build Order

Vildoso Terran 

Build Orders:  

Get SALT Encoding   

  12  0:03  SCV  
  13  0:18  SCV  
  14  0:25  Supply Depot  
  14  0:30  SCV  
  15  0:38  Refinery  
  15  0:47  SCV  
  16  0:52  Barracks  
  16  0:59  SCV  
  17  1:16  SCV  
  18  1:27  Barracks  
  18  1:28  SCV  
  18  1:31  Engineering Bay  
  19  1:40  SCV  
  19  1:41  Barracks Reactor  
  19  1:46  Supply Depot  
  20  1:52  SCV  
  21  2:07  Orbital Command  
  21  2:19  Barracks Tech Lab  
  21  2:21  Supply Depot  
  21  2:22  Supply Depot  
  21  2:23  Marine x2  
  23  2:32  Terran Infantry Armor Level 1  
  23  2:34  SCV  
  24  2:41  Marine x2  
  24  2:43  Refinery  
  26  2:47  SCV  
  26  2:50  Marauder  
  29  2:57  Supply Depot  
  29  3:12  Marauder  
  31  3:13  Marine x2  
  31  3:19  Supply Depot  
  27  4:02  Marine x3  
  30  4:20  Marine x3  
  33  4:24  SCV  
  34  4:37  SCV  
  34  4:38  Marine  
  36  4:48  Marauder  
  36  4:49  SCV  
  36  4:50  Marine  
  40  4:57  Terran Infantry Weapons Level 1  
  40  4:58  Command Center, Engineering Bay  
  40  5:01  SCV  
  41  5:13  SCV  
  31  5:36  SCV  
  32  5:45  Refinery x2, Factory  
  32  5:48  SCV  
  30  6:00  SCV  
  31  6:11  Hi-Sec Auto Tracking  
  31  6:12  SCV  
  32  6:24  SCV  
  33  6:31  Armory  
  33  6:34  Starport  
  33  6:35  SCV  
  33  6:36  SCV  
  35  6:48  SCV x2  
  35  6:52  Building Armor  
  37  7:00  SCV  
  37  7:01  SCV  
  39  7:04  Marine x2, Marauder  
  39  7:07  Factory Tech Lab  
  43  7:12  SCV  
  43  7:13  SCV  
  45  7:16  Starport Tech Lab  
  45  7:22  Marine x2  
  47  7:24  SCV  
  47  7:25  Starport, SCV, Marauder  
  51  7:32  Starport  
  51  7:36  SCV  
  52  7:39  Banshee  
  52  7:40  Marine x2  
  57  7:46  Marauder  
  57  7:48  SCV  
  59  8:00  SCV  
  46  8:27  Orbital Command  
  32  9:10  Refinery  
  32  9:16  Starport  
  32  9:19  Starport  
  32  9:26  Starport Tech Lab  
  32  9:28  Starport Tech Lab  
  32  9:32  Armory  
  32  9:42  Missile Turret  
  32  9:45  Missile Turret  
  32  9:48  Missile Turret  
  32  9:51  Supply Depot  
  32  10:00  Starport Tech Lab  
  32  10:01  Starport Tech Lab  
  32  10:07  Supply Depot  
  32  10:08  Supply Depot  
  32  10:10  Banshee x2  
  38  10:30  Banshee  
  38  10:31  Banshee  
  38  10:33  Cloaking Field  
  44  10:37  Hyperflight Rotors  
  44  10:54  Supply Depot  
  44  10:55  Supply Depot  
  44  10:57  Supply Depot  
  44  11:01  Terran Vehicle And Ship Armor Level 1, Armory  
  44  11:10  Banshee  
  47  11:24  Banshee  
  49  12:04  Banshee x2  
Show
View Real Time Build Order
Export as new Build Order

franco Zerg 

Build Orders: Pool First 

Get SALT Encoding   

  12  0:06  Drone  
  13  0:11  Drone  
  14  0:23  Drone, Extractor  
  15  0:34  Spawning Pool  
  14  0:36  Extractor  
  14  0:38  Drone  
  14  0:46  Extractor  
  14  0:47  Drone  
  15  1:11  Hatchery  
  15  1:14  Extractor  
  15  1:15  Drone  
  15  1:31  Overlord  
  15  1:34  Overlord  
  15  1:46  Metabolic Boost  
  15  1:51  Drone, Zergling x2  
  17  1:58  Zergling x2  
  18  2:05  Queen  
  20  2:08  Zergling x2  
  20  2:15  Zergling x2  
  22  2:26  Zergling x4  
  24  2:34  Zergling x2  
  25  2:38  Zergling x2  
  26  2:46  Zergling x2  
  26  2:48  Zergling x2  
  28  2:55  Queen x2  
  28  2:58  Overlord  
  32  3:01  Zergling x2  
  33  3:08  Drone  
  33  3:41  Zergling x4  
  33  3:42  Zergling x8  
  37  4:01  Drone x2  
  37  4:02  Drone x2  
  39  4:19  Drone x4  
  43  4:34  Overlord x4  
  43  4:58  Overlord  
  43  4:59  Overlord x3  
  34  5:58  Drone x5  
  34  5:59  Drone x10  
  34  6:00  Drone x3  
  34  6:03  Extractor  
  51  6:06  Extractor x2  
  51  6:07  Spore Crawler  
  51  6:08  Spore Crawler  
  47  6:13  Queen  
  46  6:38  Drone x7  
  53  6:49  Hatchery  
  52  6:57  Lair  
  52  7:04  Pneumatized Carapace  
  52  7:06  Overlord x8  
  52  7:07  Overlord x3  
  52  7:30  Overlord  
  52  7:31  Overlord x6  
  52  8:07  Hydralisk Den  
  51  8:31  Infestation Pit  
  50  8:44  Overlord x5  
  50  8:49  Hydralisk x16  
  50  8:50  Muscular Augments, Hydralisk  
  84  9:18  Hydralisk x7  
  98  9:42  Lurker Den  
  87  10:19  Evolution Chamber  
  87  10:20  Hydralisk x5  
  87  10:21  Zergling x4, Hydralisk x6  
  96  10:22  Evolution Chamber, Zergling x16  
  117  10:36  Drone x3  
  120  10:49  Zerg Missile Weapons Level 1, Zerg Ground Armor Level 1  
  120  11:24  Zergling x2  
  120  11:25  Zergling x32  
Show
View Real Time Build Order
Export as new Build Order

llllllllllll Terran 

Build Orders:  

Get SALT Encoding   

  12  0:02  SCV  
  13  0:17  Supply Depot  
  13  0:18  SCV  
  14  0:37  SCV  
  14  0:41  Barracks  
  15  0:49  SCV, Refinery  
  16  0:53  Refinery  
  16  1:04  SCV  
  17  1:37  Command Center  
  17  1:45  Orbital Command  
  17  1:52  Barracks Tech Lab  
  17  2:04  Barracks  
  17  2:13  SCV  
  18  2:24  Marine  
  18  2:25  SCV  
  20  2:32  Factory  
  20  2:37  SCV  
  21  2:45  Supply Depot  
  21  2:49  SCV  
  22  2:56  Barracks Reactor  
  22  2:58  Supply Depot  
  22  2:59  Marine  
  23  3:10  Orbital Command  
  23  3:16  Stimpack  
  23  3:33  Starport  
  23  3:35  Marine  
  24  3:46  SCV x2  
  24  3:48  Factory Reactor  
  26  3:49  Marine x2  
  26  3:52  Marine  
  29  3:57  Engineering Bay  
  29  4:06  Engineering Bay, Marine  
  29  4:07  Marine  
  31  4:10  Marine  
  31  4:11  Starport Reactor  
  31  4:14  SCV x2  
  34  4:24  Marine, Terran Infantry Weapons Level 1  
  34  4:29  Marine x2, Supply Depot  
  37  4:34  Terran Infantry Armor Level 1  
  37  4:39  Supply Depot  
  37  4:42  Marine  
  38  4:47  Marine x2  
  38  4:48  Barracks  
  38  4:50  Medivac  
  42  5:00  Marine  
  42  5:03  SCV x2  
  42  5:05  Marine  
  42  5:06  Refinery x2  
  46  5:11  Marine  
  47  5:16  Medivac  
  47  5:18  Marine  
  47  5:20  Command Center  
  50  5:25  SCV x2  
  50  5:28  Marine  
  53  5:29  Marine  
  54  5:35  Marine  
  54  5:37  Barracks Reactor, SCV  
  54  5:40  Supply Depot  
  56  5:43  Medivac  
  56  5:46  Marine  
  56  5:47  Marine  
  60  5:53  Marine  
  61  6:03  Marine  
  62  6:05  Marine  
  63  6:11  Marine, Supply Depot  
  63  6:14  Medivac x2  
  68  6:21  Marine  
  68  6:22  Armory  
  68  6:23  Marine  
  70  6:29  Marine  
  70  6:31  Marine x2  
  73  6:39  Marine  
  74  6:40  Marine  
  75  6:47  Marine  
  75  6:49  Marine x2  
  78  6:57  Marine  
  78  6:58  Marine  
  75  7:02  Medivac x2  
  75  7:04  Marine  
  75  7:07  Marine x2  
  69  7:15  Marine  
  69  7:16  Marine  
  69  7:17  Terran Infantry Weapons Level 2  
  69  7:19  Supply Depot  
  69  7:22  Marine, Terran Infantry Armor Level 2  
  70  7:25  Marine x2  
  73  7:30  SCV  
  73  7:31  SCV x2  
  73  7:33  Marine  
  73  7:36  Marine  
  78  7:40  Marine  
  78  7:43  Marine x2  
  81  7:47  Supply Depot  
  81  7:51  Marine  
  82  8:05  Marine  
  82  8:06  Marine x3  
  82  8:09  Marine  
  56  8:20  Orbital Command  
  56  8:23  Marine x3  
  56  8:24  Marine  
  56  8:27  Marine  
  60  8:32  Supply Depot  
  60  8:41  Marine x4, Barracks  
  60  8:44  Marine, Barracks  
  65  8:49  SCV x3  
  63  8:59  Marine x4  
  63  9:02  Marine  
  55  9:17  Marine x4  
  42  9:20  Marine  
  47  9:34  Marine  
  47  9:35  Marine x3  
  47  9:38  Marine  
  25  9:52  Marine x2  
  22  9:53  Marine x2  
  22  9:56  Marine  
  24  10:10  Marine x4  
  24  10:13  Marine  
  29  10:14  SCV x2  
  31  10:26  SCV x2  
  31  10:28  Marine x4  
  34  10:31  Marine  
  38  10:38  SCV x2  
  40  10:46  Marine x4  
  40  10:49  Marine  
  45  10:50  SCV  
  45  10:51  SCV  
  47  11:02  Medivac x2  
  47  11:03  SCV x2, Marine  
  47  11:04  Marine x3  
  54  11:05  Command Center  
  57  11:15  SCV x2  
  59  11:27  SCV  
  59  11:32  Medivac  
  62  11:36  Barracks  
  62  11:37  Barracks  
  62  11:39  SCV, Barracks  
  63  11:48  Command Center  
  63  11:51  SCV  
  64  12:03  SCV  
  50  12:15  SCV  
  50  12:19  SCV  
  51  12:27  SCV  
  52  12:31  SCV  
  52  12:33  Barracks Reactor x2  
  52  12:34  Barracks Reactor  
  53  12:39  SCV  
  53  12:43  SCV  
Show
View Real Time Build Order
Export as new Build Order

willy Terran 

Build Orders:  

Get SALT Encoding   

  12  0:02  SCV  
  13  0:14  SCV  
  13  0:19  Supply Depot  
  14  0:26  SCV  
  15  0:41  SCV  
  16  0:43  Barracks  
  16  0:53  SCV  
  17  1:01  Barracks  
  17  1:05  SCV  
  18  1:12  Barracks  
  18  1:18  SCV  
  19  1:27  Barracks  
  19  1:30  SCV  
  20  1:39  Refinery  
  20  1:42  SCV  
  21  1:47  Supply Depot  
  21  2:00  Refinery  
  21  2:08  Marine  
  21  2:09  Marine  
  21  2:10  Marine, Supply Depot  
  21  2:15  Marine  
  25  2:23  SCV  
  26  2:32  Marine x2  
  26  2:33  Supply Depot  
  26  2:35  SCV, Marine  
  30  2:38  Marine  
  31  2:59  SCV  
  31  3:01  Marine x3  
  31  3:02  Marine  
  36  3:18  Supply Depot  
  36  3:19  Marine x4  
  40  3:36  Marine  
  40  3:37  Marine x3  
  44  3:54  Marine  
  44  3:55  Marine  
  45  4:22  Marine x4  
  49  4:33  Supply Depot  
  49  4:40  Marine x4  
  52  4:58  Marine x4  
  56  5:15  Marine x2  
  56  5:16  Marine  
  46  6:19  Barracks Tech Lab  
  46  6:21  Barracks Reactor x3  
  46  6:26  Supply Depot  
  45  6:35  Factory  
  45  6:49  Supply Depot  
  28  7:17  Marine x4  
  28  7:18  Marine x3  
  35  7:32  Engineering Bay  
  35  7:35  Marine x6  
  35  7:36  Marine  
  42  7:37  Supply Depot  
  42  7:53  Marine x7  
  42  7:55  Orbital Command  
  49  7:59  Supply Depot  
  49  8:04  Missile Turret  
  49  8:10  Marine x2  
  49  8:11  Marine x5  
  56  8:29  Marine  
  39  9:11  Marine x3  
  39  9:12  Marine x4  
  39  9:16  Factory Tech Lab  
  46  9:24  Supply Depot  
  46  9:29  Marine x5  
  46  9:30  Marine x2  
  53  9:35  Siege Tank  
  55  9:47  Marine x6, Supply Depot  
  55  9:48  Marine  
  48  10:05  Marine x7  
  55  10:07  Siege Tank  
  58  10:19  Starport  
  58  10:22  Marine  
  58  10:23  Marine  
  60  10:32  Missile Turret  
  60  10:39  Siege Tank  
  62  10:57  Starport  
  62  11:11  Siege Tank  
  27  12:30  Marine x4  
  27  12:31  Marine x3  
Show
View Real Time Build Order
Export as new Build Order

ALCAPARRED Terran 

Build Orders:  

Get SALT Encoding   

  12  0:03  SCV  
  13  0:20  SCV  
  14  0:21  Supply Depot  
  14  0:32  SCV  
  15  0:44  SCV  
  15  0:46  Barracks  
  16  0:53  Refinery  
  16  0:56  SCV  
  17  1:08  SCV  
  18  1:20  SCV  
  19  1:35  Barracks  
  19  1:39  Supply Depot  
  19  1:43  Marine  
  20  1:52  SCV  
  21  1:58  Refinery  
  21  2:01  Marine  
  21  2:04  SCV  
  23  2:16  SCV  
  23  2:18  Command Center  
  24  2:25  Barracks Reactor  
  24  2:26  Barracks Reactor  
  24  2:28  SCV  
  25  2:40  SCV  
  26  2:52  SCV  
  27  3:03  Reaper x2  
  27  3:05  Reaper x2  
  31  3:27  Orbital Command  
  31  3:34  Marine  
  31  3:35  Marine  
  31  3:36  Marine  
  31  3:37  Marine  
  35  3:52  Marine x2  
  35  3:54  Marine x2  
  39  4:20  Marine  
  39  4:21  Marine x3  
  43  4:26  SCV  
  43  4:31  Engineering Bay  
  44  4:35  Factory  
  44  4:37  Factory  
  44  4:38  SCV, Marine  
  46  5:08  Supply Depot  
  46  5:09  Supply Depot, Terran Infantry Weapons Level 1  
  46  5:10  Supply Depot  
  46  5:29  Marine x4  
  46  5:30  SCV x2  
  52  5:42  SCV x2  
  54  5:54  SCV x2  
  54  6:06  SCV x2  
  54  6:30  Marine x4  
  55  6:39  Factory Tech Lab x2  
  49  6:48  Armory, Marine x4  
  49  6:50  Starport  
  51  7:06  Marine x4  
  51  7:17  Missile Turret x2  
  51  7:18  Missile Turret x2  
  51  7:19  SCV  
  52  7:23  Missile Turret, Marine, Siege Tank  
  52  7:24  Marine x3  
  52  7:27  Starport  
  59  7:31  SCV  
  59  7:36  Terran Infantry Armor Level 1  
  60  7:41  Marine  
  60  7:42  Marine x3  
  60  7:43  SCV  
  65  7:45  Missile Turret  
  65  7:54  Siege Tank  
  65  7:55  SCV  
  69  7:59  Marine  
  70  8:06  Missile Turret x2  
  70  8:11  SCV, Marine  
  70  12:03  Marine x2  
  70  12:04  SCV  
  70  12:08  Marine x2  
  50  12:16  SCV  
  50  12:20  Marine  
  50  12:21  Marine  
  50  12:26  Marine x2  
Show
View Real Time Build Order
Export as new Build Order

Michael Terran 

Build Orders: MMM Bio 

Get SALT Encoding   

  12  0:01  SCV  
  13  0:13  SCV  
  14  0:23  Supply Depot  
  14  0:25  SCV  
  15  0:36  Refinery  
  15  0:45  SCV  
  15  0:48  Barracks  
  16  0:57  SCV  
  17  1:09  SCV  
  18  1:21  SCV  
  19  1:33  SCV  
  20  1:41  Barracks Tech Lab  
  20  1:44  Command Center  
  20  1:48  SCV  
  21  1:55  Engineering Bay  
  21  2:08  Factory  
  21  2:11  SCV  
  22  2:16  Refinery  
  22  2:23  SCV  
  23  2:33  Terran Infantry Weapons Level 1  
  23  2:39  Barracks  
  23  2:43  Orbital Command  
  23  2:51  Supply Depot  
  23  2:57  Factory Tech Lab  
  23  3:00  SCV  
  25  3:13  SCV  
  26  3:25  SCV  
  26  3:34  Hellion  
  25  3:38  Marine  
  25  3:40  Marine  
  25  3:50  Barracks  
  25  3:56  Marine  
  25  3:57  Planetary Fortress  
  25  3:58  Marine  
  27  4:10  SCV  
  27  4:12  Barracks  
  27  4:14  Marine  
  27  4:16  Marine  
  30  4:22  SCV  
  31  4:34  Stimpack  
  31  4:35  Barracks Reactor  
  31  4:43  Barracks Reactor  
  31  4:46  SCV x2  
  33  4:55  Marine  
  33  4:58  SCV x2  
  36  5:00  Terran Infantry Armor Level 1  
  36  5:05  Barracks Reactor  
  36  5:10  SCV  
  36  5:12  Marine  
  36  5:13  Marine  
  36  5:14  Marine  
  40  5:17  Refinery  
  40  5:20  Supply Depot  
  40  5:22  Refinery  
  40  5:24  SCV  
  40  5:25  SCV  
  42  5:29  Marine  
  42  5:30  Marine  
  42  5:31  Marine x2  
  46  5:42  Marine  
  47  5:44  Starport, Marine x2  
  47  5:48  SCV x2, Marine  
  52  5:53  Supply Depot  
  52  5:59  Supply Depot  
  52  6:05  SCV x2  
  54  6:23  Starport, Supply Depot  
  54  6:25  Barracks Reactor  
  54  6:32  Marine x5  
  56  6:34  Combat Shields  
  56  6:36  Medivac  
  61  6:41  Medivac  
  61  6:44  SCV x2  
  65  6:50  Marine x2  
  67  7:00  Starport Tech Lab  
  67  7:05  Marine x4  
  67  7:06  Marine, Medivac  
  67  7:08  Marine x2  
  76  7:11  Medivac  
  78  7:18  Supply Depot  
  78  7:25  Missile Turret  
  78  7:29  Supply Depot  
  78  7:33  Supply Depot  
  78  7:37  Armory  
  78  7:39  Marine  
  78  7:41  SCV  
  78  7:42  SCV  
  81  7:50  Engineering Bay  
  81  7:53  SCV  
  81  7:54  SCV  
  81  7:55  Medivac x2  
  88  8:05  SCV  
  88  8:06  SCV  
  85  8:17  SCV  
  86  8:21  Siege Tank  
  86  8:26  Supply Depot  
  89  8:28  SCV  
  89  8:29  SCV  
  91  8:38  Terran Infantry Weapons Level 2  
  91  8:40  SCV  
  92  8:51  Banshee  
  92  8:53  Siege Tank  
  98  9:05  SCV x2  
  100  9:16  Marine x6  
  106  9:17  SCV x2  
  106  9:23  Terran Infantry Armor Level 2  
  105  9:25  Siege Tank  
  105  9:29  SCV x2  
  109  9:34  Marine x3  
  109  9:35  Marine  
  109  9:37  Marine  
  109  9:38  Marine  
  110  9:41  SCV  
  110  9:42  SCV  
  109  9:52  Banshee  
  108  9:57  Siege Tank  
  93  10:21  SCV x2  
  95  10:29  Supply Depot  
  95  10:30  Supply Depot  
  95  10:31  Supply Depot  
  95  10:32  Supply Depot x2  
  95  10:33  SCV x2  
  95  10:35  Factory  
  97  10:39  Starport  
  97  10:46  SCV x2  
  99  10:58  SCV x2  
  99  11:00  Marine  
  99  11:01  Marine x6  
  108  11:05  Siege Tank  
  108  11:10  SCV x2  
  113  11:18  Marine x2  
  113  11:19  Marine x5  
  120  11:28  Starport Tech Lab  
  120  11:29  Raven  
  120  11:31  Factory Tech Lab  
  122  11:36  Marine x5  
  122  11:37  Marine  
  129  11:41  Marauder  
  129  11:44  Barracks  
  121  11:54  Marine x6  
  111  12:02  Marauder  
  100  12:12  Marine  
  100  12:24  Marauder  
  102  12:44  Fusion Core  
Show
View Real Time Build Order
Export as new Build Order

Poesía Zerg 

Build Orders: Hatch First 

Get SALT Encoding   

  12  0:02  Drone  
  13  0:19  Overlord  
  13  0:27  Drone  
  14  0:33  Extractor  
  13  0:37  Drone x2  
  13  0:38  Extractor  
  13  0:41  Overlord  
  14  0:54  Drone  
  15  1:06  Drone  
  16  1:21  Drone  
  17  1:28  Hatchery  
  17  1:29  Drone  
  17  1:38  Drone  
  18  2:00  Spawning Pool  
  17  2:01  Drone x2  
  19  2:10  Drone  
  20  2:28  Drone x2  
  22  2:32  Extractor  
  21  2:38  Extractor  
  21  2:41  Evolution Chamber  
  19  2:45  Drone  
  20  2:59  Drone x2  
  20  3:05  Drone x2  
  24  3:19  Hatchery  
  23  3:27  Drone x2  
  25  3:33  Drone  
  26  3:42  Drone  
  26  3:43  Drone  
  26  3:48  Drone  
  29  3:58  Queen  
  29  4:02  Drone  
  32  4:29  Hatchery  
  31  4:33  Drone x3  
  31  4:34  Drone  
  35  4:41  Drone  
  35  4:42  Drone x2  
  38  4:53  Lair  
  38  5:26  Roach Warren  
  37  5:33  Hatchery  
  36  5:36  Drone x6  
  36  5:40  Overlord x2  
  42  5:44  Overlord  
  42  5:45  Overlord  
  42  5:56  Hydralisk Den  
  41  5:57  Zerg Missile Weapons Level 1  
  41  6:03  Burrow  
  41  6:05  Zergling x2  
  41  6:06  Zergling x4  
  44  6:23  Drone x3  
  47  6:30  Hydralisk  
  47  6:31  Hydralisk x3  
  55  6:36  Metabolic Boost  
  55  6:51  Drone x8  
  63  6:58  Hydralisk  
  63  6:59  Hydralisk  
  63  7:00  Hydralisk  
  69  7:18  Overlord x4  
  69  7:19  Overlord  
  69  7:34  Muscular Augments  
  69  7:38  Hydralisk x3  
  75  7:52  Zerg Ground Armor Level 1  
  75  7:55  Queen  
  77  7:58  Hatchery  
  77  8:01  Infestation Pit  
  75  8:09  Hydralisk  
  75  8:10  Hydralisk x4  
  84  8:50  Hydralisk x9  
  84  8:51  Hydralisk x4  
  110  9:18  Hydralisk  
  110  9:19  Hydralisk x5  
  110  9:20  Hatchery  
  109  9:45  Zerg Missile Weapons Level 2  
  99  10:02  Queen  
  99  10:03  Queen  
  99  10:04  Queen  
  105  10:07  Drone  
  105  10:08  Drone x17  
  123  10:24  Hydralisk  
  123  10:25  Hydralisk x3  
  123  10:26  Hydralisk x10  
  131  10:36  Overlord x6  
  131  11:00  Queen  
  131  11:02  Extractor  
  131  11:03  Lair  
  132  11:04  Pneumatized Carapace  
  132  11:18  Hydralisk x10  
  132  11:19  Hydralisk  
  154  11:33  Drone  
  154  11:34  Drone x2  
  121  12:13  Hydralisk x3  
  121  12:14  Hydralisk x11  
  139  12:37  Zergling x2  
  139  12:38  Zergling x26  
  139  12:39  Zergling x2  
  156  12:56  Evolution Chamber  
Tags
 
Add a new tag
Caveats
  • Supply blocks, unpowered buildings, or Contaminate may cause inaccurate times.
  • Supply counts are checked every 10 seconds.